 Dungeon Sprint DCSS version 0.29-a0-307-gecccbbdb84 (webtiles) character file.

Game seed: 13452863881482605473

17978 Conn the Pyromancer (level 21, -2/113 HPs)
             Began as an Octopode Fire Elementalist on Mar 26, 2022.
             Was the Champion of Sif Muna.
             Slain by Mennas
             ... wielding a +3 trishula of holy wrath
              (8 damage)
             ... in the Dungeon (Sprint VI: "Thunderdome") on Mar 27, 2022.
             The game lasted 01:27:01 (3349 turns).

Conn the Pyromancer (Octopode Fire Elementalist)    Turns: 3349, Time: 01:27:02

Health: -2/113     AC:  3    Str:  7    XL:     21   Next: 36%
Magic:  28/45      EV: 15    Int: 42    God:    Sif Muna [******]
Gold:   312        SH:  9    Dex: 24    Spells: 7/61 levels left

rFire   + + .      SeeInvis +   G - staff of fire
rCold   + + +      Faith    .   C - +2 buckler "Wamm" {Dex+6}
rNeg    + + +      Spirit   .   w - +2 hat "Igud" {Rampage Will- Regen+}
rPois   +          Reflect  .   k - amulet "Juagorell" {RegenMP Str+4 Int+4 Dex-3}
rElec   +          Harm     .   x - ring "Udwag" {*Slow rC+ rN+ SInv}
rCorr   +          Rampage  +   m - ring "Locera" {Drain rF+ rC+ rCorr Dex+2}
Will    +++..      NoTele   +   b - ring "Zyraizat" {Ice rPois Will++ Str-3 Dex+3}
Stlth   +++.......              p - ring of Foc Naar {rElec rN+ Int+6 Dex-3}
HPRegen 1.08/turn               q - ring "Rietzavy" {rC+ rN+ Will+ Dex-3}
MPRegen 0.29/turn               t - ring of Giumn {Int+5 Slay+4}
                                s - ring "Urur" {rElec Dex+6}
                                A - ring of Rosueczu {Fire Str+3}

@: calling dragons, hasted, glowing, very quick
A: almost no armour, amphibious, 8 rings, camouflage 2, gelatinous body 1,
(nimble swimmer 1), tentacles, agile 1, weak 2
}: 3/15 runes: decaying, elven, gossamer
a: Renounce Religion, Channel Magic, Forget Spell, Divine Exegesis


You were in the Dungeon.
You worshipped Sif Muna.
Sif Muna was exalted by your worship.
You visited 1 branch You collected 7330 gold pieces.
You spent 7018 gold pieces at shops.

Inventory:

Hand Weapons
 o - a +0 short sword
 r - a +1 vampiric short sword
Armour
 w - the +2 hat "Igud" (worn) {Rampage Will- Regen+}
   (You bought it in a shop in the Dungeon)

   Regen:     It increases your rate of health regeneration.
   Rampage:   It bestows one free step when moving towards enemies.
   Will:      It decreases your willpower.
 C - the +2 buckler "Wamm" (worn) {Dex+6}
   (You bought it in a shop in the Dungeon)

   Dex:       It affects your dexterity (+6).
 D - the +0 tower shield of Defence {Fly MP+9 Dex+3 Stlth-}
   (You bought it in a shop in the Dungeon)

   Dex:       It affects your dexterity (+3).
   MP:        It affects your magic capacity (+9).
   Fly:       It grants you flight.
   Stlth:     It makes you less stealthy.
 E - the +2 kite shield of Gallantry {Fly rC- Regen+ rCorr}
   (You bought it in a shop in the Dungeon)

   rC:        It makes you vulnerable to cold.
   Fly:       It grants you flight.
   Regen:     It increases your rate of health regeneration.
   rCorr:     It protects you from acid and corrosion.
Magical Staves
 u - a staff of conjuration
 G - a staff of fire (weapon)
Jewellery
 b - the ring "Zyraizat" (on tentacle) {Ice rPois Will++ Str-3 Dex+3}
   (You found it in the Dungeon)

   [ring of ice]

   It enhances your ice magic.
   Str:       It affects your strength (-3).
   Dex:       It affects your dexterity (+3).
   rF:        It makes you vulnerable to fire.
   rC:        It protects you from cold.
   rPois:     It protects you from poison.
   Will:      It greatly increases your willpower.
 h - the ring of Igikeiwn {rElec rPois}
   (You bought it in a shop in the Dungeon)

   [ring of poison resistance]

   rElec:     It insulates you from electricity.
   rPois:     It protects you from poison.
 k - the amulet "Juagorell" (around mantle) {RegenMP Str+4 Int+4 Dex-3}
   (You bought it in a shop in the Dungeon)

   [amulet of magic regeneration]

   It increases your rate of magic regeneration.
   Str:       It affects your strength (+4).
   Int:       It affects your intelligence (+4).
   Dex:       It affects your dexterity (-3).
 l - the ring "Weni" {+Blink rN+}
   (You bought it in a shop in the Dungeon)

   [ring of positive energy]

   rN:        It protects you from negative energy.
   +Blink:    It lets you blink.
 m - the ring "Locera" (right tentacle) {Drain rF+ rC+ rCorr Dex+2}
   (You bought it in a shop in the Dungeon)

   [ring of resist corrosion]

   Dex:       It affects your dexterity (+2).
   rF:        It protects you from fire.
   rC:        It protects you from cold.
   rCorr:     It protects you from acid and corrosion.
   Drain:     It drains your maximum health when unequipped.
 n - the ring of Wexoeqa {rPois Stlth+}
   (You bought it in a shop in the Dungeon)

   [ring of poison resistance]

   rPois:     It protects you from poison.
   Stlth:     It makes you more stealthy.
 p - the ring of Foc Naar (on tentacle) {rElec rN+ Int+6 Dex-3}
   (You bought it in a shop in the Dungeon)

   [ring of positive energy]

   Int:       It affects your intelligence (+6).
   Dex:       It affects your dexterity (-3).
   rElec:     It insulates you from electricity.
   rN:        It protects you from negative energy.
 q - the ring "Rietzavy" (on tentacle) {rC+ rN+ Will+ Dex-3}
   (You bought it in a shop in the Dungeon)

   [ring of positive energy]

   Dex:       It affects your dexterity (-3).
   rC:        It protects you from cold.
   rN:        It protects you from negative energy.
   Will:      It increases your willpower.
 s - the ring "Urur" (on tentacle) {rElec Dex+6}
   (You bought it in a shop in the Dungeon)

   [ring of dexterity]

   Dex:       It affects your dexterity (+6).
   rElec:     It insulates you from electricity.
 t - the ring of Giumn (on tentacle) {Int+5 Slay+4}
   (You bought it in a shop in the Dungeon)

   [ring of slaying]

   Int:       It affects your intelligence (+5).
   Slay:      It affects your accuracy & damage with ranged weapons and melee
   (+4).
 v - the ring of Qoer {rPois rC- Int+6 Dex+4}
   (You bought it in a shop in the Dungeon)

   [ring of intelligence]

   Int:       It affects your intelligence (+6).
   Dex:       It affects your dexterity (+4).
   rC:        It makes you vulnerable to cold.
   rPois:     It protects you from poison.
 x - the ring "Udwag" (left tentacle) {*Slow rC+ rN+ SInv}
   (You bought it in a shop in the Dungeon)

   [ring of protection from cold]

   rC:        It protects you from cold.
   rN:        It protects you from negative energy.
   SInv:      It lets you see invisible.
   *Slow:     It may slow you when you take damage.
 y - the ring "Ijuhiesch" {+Blink Will+}
   (You bought it in a shop in the Dungeon)

   [ring of willpower]

   +Blink:    It lets you blink.
   Will:      It increases your willpower.
 z - the amulet of Grace {Acrobat rPois rF- SInv Stlth+}
   (You bought it in a shop in the Dungeon)

   [amulet of the acrobat]

   It increases your evasion while moving and waiting.
   rF:        It makes you vulnerable to fire.
   rPois:     It protects you from poison.
   SInv:      It lets you see invisible.
   Stlth:     It makes you more stealthy.
 A - the ring of Rosueczu (on tentacle) {Fire Str+3}
   (You bought it in a shop in the Dungeon)

   [ring of fire]

   It enhances your fire magic.
   Str:       It affects your strength (+3).
   rF:        It protects you from fire.
   rC:        It makes you vulnerable to cold.
 B - the amulet of the Castellan {RegenMP rElec rC- Will+ Str+2}
   (You bought it in a shop in the Dungeon)

   [amulet of magic regeneration]

   It increases your rate of magic regeneration.
   Str:       It affects your strength (+2).
   rC:        It makes you vulnerable to cold.
   rElec:     It insulates you from electricity.
   Will:      It increases your willpower.
 I - the amulet of the Cast Vote {rElec Regen+ Str+6 SInv}
   (You bought it in a shop in the Dungeon)

   [amulet of regeneration]

   Str:       It affects your strength (+6).
   rElec:     It insulates you from electricity.
   SInv:      It lets you see invisible.
   Regen:     It increases your rate of health regeneration.
 J - the amulet "Raustreota" {RegenMP Rampage rN+++ Int-4 Dex-2}
   (You bought it in a shop in the Dungeon)

   [amulet of magic regeneration]

   It increases your rate of magic regeneration.
   Int:       It affects your intelligence (-4).
   Dex:       It affects your dexterity (-2).
   rN:        It renders you almost immune to negative energy.
   Rampage:   It bestows one free step when moving towards enemies.
Wands
 g - a wand of acid (1)
Scrolls
 f - 4 scrolls of blinking
 i - 3 scrolls of fog
 H - a scroll of holy word
Potions
 a - 7 potions of magic
 d - 8 potions of haste
 e - a potion of berserk rage
 j - a potion of resistance


   Skills:
 + Level 1.3 Fighting
 + Level 2.3 Short Blades
 + Level 4.1 Dodging
 + Level 6.0 Stealth
 + Level 7.3 Shields
 + Level 20.5 Spellcasting
 * Level 15.0 Conjurations
 + Level 7.2 Hexes
 + Level 9.5 Summonings
 + Level 5.7 Translocations
 * Level 21.4 Fire Magic
 + Level 9.0 Ice Magic
 + Level 6.1 Air Magic
 + Level 6.2 Earth Magic
 - Level 14.1 Invocations
 + Level 6.2 Evocations


You had 7 spell levels left.
You knew the following spells:

 Your Spells              Type           Power      Damage    Failure   Level
a - Foxfire               Conj/Fire      100%       2x1d9     0%          1
b - Ozocubu's Refrigerat  Ice            54%        4d15      13%         7
c - Inner Flame           Hex/Fire       100%       N/A       0%          3
d - Flame Wave            Conj/Fire      100%       2d17      0%          4
e - Scorch                Fire           100%       2d10      0%          2
f - Ignition              Fire           86%        3d22      1%          8
g - Lightning Bolt        Conj/Air       46%        1d66      1%          5
h - Fireball              Conj/Fire      82%        3d30      0%          5
i - Blink                 Tloc           100%       N/A       1%          2
j - Spellforged Servitor  Conj/Summ      49%        N/A       3%          7
k - Hailstorm             Conj/Ice       100%       3d20      1%          4
l - Iron Shot             Conj/Erth      46%        9d9       1%          6

Your spell library contained the following spells:

 Spells                   Type           Power      Damage    Failure   Level
 Magic Dart               Conj           100%       1d8       0%          1
 Shock                    Conj/Air       100%       1d9       0%          1
 Summon Small Mammal      Summ           100%       N/A       0%          1
 Searing Ray              Conj           100%       2d8       0%          2
 Static Discharge         Conj/Air       93%        N/A       0%          2
 Conjure Flame            Conj/Fire      100%       6-21      0%          3
 Sticky Flame             Conj/Fire      100%       2d11      0%          4
 Animate Skeleton         Necr           86%        N/A       1%          1
 Apportation              Tloc           100%       N/A       1%          1
 Slow                     Hex            100%       N/A       1%          1
 Ensorcelled Hibernation  Hex/Ice        100%       N/A       1%          2
 Call Canine Familiar     Summ           89%        N/A       1%          3
 Confusing Touch          Hex            81%        N/A       1%          3
 Dazzling Flash           Conj/Hex       100%       N/A       1%          3
 Ignite Poison            Fire/Tmut/Pois 100%       N/A       1%          3
 Lesser Beckoning         Tloc           74%        N/A       1%          3
 Mephitic Cloud           Conj/Pois/Air  80%        N/A       1%          3
 Portal Projectile        Hex/Tloc       100%       N/A       1%          3
 Spider Form              Tmut/Pois      43%        N/A       1%          3
 Summon Guardian Golem    Hex/Summ       85%        N/A       1%          3
 Swiftness                Air            76%        N/A       1%          3
 Tukima's Dance           Hex            81%        N/A       1%          3
 Vampiric Draining        Necr           43%        2d9       1%          3
 Cause Fear               Hex            40%        N/A       1%          4
 Fulminant Prism          Conj/Hex       47%        3d21      1%          4
 Ice Form                 Ice/Tmut       89%        N/A       1%          4
 Petrify                  Tmut/Erth      62%        N/A       1%          4
 Summon Ice Beast         Ice/Summ       100%       N/A       1%          4
 Summon Lightning Spire   Summ/Air       83%        N/A       1%          4
 Freezing Cloud           Conj/Ice/Air   56%        6-21      1%          5
 Irradiate                Conj/Tmut      41%        3d27      1%          5
 Iskenderun's Battlesphe  Conj           100%       2d15      1%          5
 Lee's Rapid Deconstruct  Erth           38%        3d20*     1%          5
 Manifold Assault         Tloc           74%        N/A       1%          5
 Metabolic Englaciation   Hex/Ice        53%        N/A       1%          5
 Silence                  Hex/Air        39%        N/A       1%          5
 Summon Forest            Summ/Tloc      41%        N/A       1%          5
 Summon Mana Viper        Hex/Summ       85%        N/A       1%          5
 Conjure Ball Lightning   Conj/Air       46%        3x3d16    1%          6
 Starburst                Conj/Fire      82%        6d21      1%          6
 Summon Cactus Giant      Summ           44%        N/A       1%          6
 Orb of Destruction       Conj           53%        9d13      1%          7
 Borgnjor's Vile Clutch   Necr/Erth      31%        N/A       4%          5
 Yara's Violent Unravell  Hex/Tmut       32%        3d13      4%          5
 Monstrous Menagerie      Summ           44%        N/A       11%         7
 Agony                    Necr           43%        N/A       19%         5
 Excruciating Wounds      Necr           21%        N/A       19%         5
 Malign Gateway           Summ/Tloc      41%        N/A       24%         7
 Enfeeble                 Hex            40%        N/A       26%         7
 Eringya's Noxious Bog    Tmut/Pois      21%        N/A       69%         6
 Storm Form               Tmut/Air       31%        N/A       83%         7
 Fire Storm               Conj/Fire      82%        8d21      36%         9
 Lehudib's Crystal Spear  Conj/Erth      46%        10d11     47%         8
 Discord                  Hex            40%        N/A       91%         8
 Maxwell's Capacitive Co  Air            38%        ∞         98%         8
 Chain Lightning          Conj/Air       46%        3d62      100%        9
 Dragon's Call            Summ           44%        N/A       100%        9
 Shatter                  Erth           38%        3d30*     100%        9


Dungeon Overview and Level Annotations

Branches:
Dungeon (1/1)

Altars:
Cheibriados
Dithmenos
Fedhas
Gozag
Kikubaaqudgha
Makhleb
Okawaru
Qazlal
Ru
Sif Muna
Trog
Uskayaw
Vehumet
Wu Jian
Xom
Yredelemnul
Zin
The Shining One
Beogh
Lugonu

Shops:
D [??*?*:[((!!!!

Annotations:
D Mennas


Innate Abilities, Weirdness & Mutations

You cannot wear most types of armour.
You are amphibious.
You can wear up to eight rings at the same time.
Your skin blends seamlessly with your surroundings (Stealth++).
Your rubbery body absorbs attacks. (AC +1, EV +1)
((You are camouflaged when in or above water. (Stealth+)))
You have tentacles for arms and can constrict up to eight enemies at once.
You are agile. (Dex +2)
You are very weak. (Str -4)


Message History

There is an iron altar of Okawaru, spattered with blood here.
There is a corrupted altar of Lugonu here.
There is a bloodstained altar of Trog here.
Mennas is no longer covered in acid.
A vault sentinel comes into view. It is wielding a +0 morningstar.
Mennas looks to the heavens.
You see here a +0 club.
The vault sentinel unwields a +0 morningstar.
The vault sentinel wields a +0 arbalest.
The vault sentinel shoots a bolt.
The bolt hits you.
You see here a +0 club.
You rampage towards the vault sentinel!
The vault sentinel shoots a bolt.
The bolt hits you.
Unknown command.
The vault sentinel shoots a bolt.
The bolt hits you.
Okay, then.
The vault sentinel unwields a +0 arbalest.
The vault sentinel wields a +0 morningstar.
The vault sentinel hits you with a +0 morningstar!
* * * LOW HITPOINT WARNING * * *
Mennas becomes audible again.
The vault sentinel points at you and mumbles some strange words.
You easily resist.
Casting: Blink (safe; 1% risk of failure)
Confirm with . or Enter, or press ? or * to list all spells.
Okay, then.
Press: ? - help, v - describe, . - travel
Here: Mennas, wielding a +3 trishula of holy wrath and wearing a +0 tower shield (haloed)
The floor.
Unknown command.
Unknown command.
Casting: Blink (safe; 1% risk of failure)
Confirm with . or Enter, or press ? or * to list all spells.
Okay, then.
You call out to the draconic realm, and the dragon horde roars back!
A dragon arrives to answer your call!
Mennas hits you from afar with a +3 trishula of holy wrath!!
* * * LOW HITPOINT WARNING * * *
Mennas hits you from afar with a +3 trishula of holy wrath!
You die...

###∩[...((..8.#
#.8........∩###
##∩__.....).###.[.[..__.∩##
######.8(..(.....8.######
#⌠.(.........⌠#
###.........### #_..p.).._#
#_.D.A..._# #_......._#
#∩...@...∩# ##∩.(...∩##
##.....## ##⌠⌠⌠## #####


You could see Mennas, a vault sentinel (ally target) and a friendly shadow
dragon (summoned).

Vanquished Creatures
  Fannar (D)
  A quicksilver dragon (D)
  A storm dragon (D)
  A stone giant (D)
  A bunyip (D)
  A wizard (D)
  A naga warrior (D)
  2 ice dragons (D)
  A jumping spider (D)
  A hydra (D)
  9 boulder beetles (D)
  An anaconda (D)
  3 alligators (D)
  A ghost crab (D)
  A shock serpent (D)
  2 soul eaters (D)
  2 deep elf knights (D)
  2 sun demons (D)
  6 swamp dragons (D)
  A bog body (D)
  A naga ritualist (D)
  2 necromancers (D)
  A lindwurm (D)
  A wolf spider (D)
  10 shining eyes (D)
  A salamander (D)
  A rust devil (D)
  A naga mage (D)
  A black mamba (D)
  An efreet (D)
  A rime drake (D)
  An ice devil (D)
  2 komodo dragons (D)
  A tyrant leech (D)
  2 fire elementals (D)
  2 fire bats (D)
  6 neqoxecs (D)
  2 steam dragons (D)
  A naga (D)
  3 acid dragons (D)
  A water moccasin (D)
  2 hell hounds (D)
  A swamp drake (D)
  2 earth elementals (D)
  2 iguanas (D)
  Terence (D)
  5 mummies (D)
  2 adders (D)
  An ufetubus (D)
  A dart slug (D)
  An orc (D)
  4 ball pythons (D)
  An endoplasm (D)
  2 jackals (D)
  9 kobolds (D)
  A frilled lizard (D)
116 creatures vanquished.

Vanquished Creatures (collateral kills)
  3 sphinxes (D)
  3 reapers (D)
  An iron golem (D)
  A green death (D)
  A mummy priest (D)
  A boulder beetle (D)
  2 sun demons (D)
  A soul eater (D)
  A hell knight (D)
  A shining eye (D)
  4 rust devils (D)
  2 guardian mummies (D)
  An ice devil (D)
  A red devil (D)
  7 neqoxecs (D)
  A hell hound (D)
  2 earth elementals (D)
  3 mummies (D)
36 creatures vanquished.

Vanquished Creatures (others)
  6 kobolds (D)
  329 foxfires (D)
335 creatures vanquished.

Grand Total: 487 creatures vanquished

Notes
Turn   | Place    | Note
-------+----------+-------------------------------------------
     0 | D        | Conn the Octopode Fire Elementalist began the quest for the
                  | Orb.
     0 | D        | Reached XP level 1. HP: 11/11 MP: 3/3
     1 | D        | Found a shimmering blue altar of Sif Muna.
     1 | D        | Found a bloodstained altar of Trog.
     2 | D        | Found a glowing golden altar of the Shining One.
     2 | D        | Found a corrupted altar of Lugonu.
     3 | D        | Found an ornate altar of the Wu Jian Council.
     3 | D        | Found a shimmering altar of Xom.
     4 | D        | Found an ancient bone altar of Kikubaaqudgha.
     4 | D        | Found Gicolioc's Identification Station.
     5 | D        | Found Uwaxkejya's Jewellery.
     5 | D        | Found Kouhun's Advanced Armour.
     5 | D        | Round 1.
     9 | D        | Became a worshipper of Sif Muna the Loreminder
    15 | D        | Bought a coiled iron amulet for 45 gold pieces
    15 | D        | Identified the amulet "Juagorell" {RegenMP Str+4 Int+4
                  | Dex-3} (You bought it in a shop in the Dungeon)
    15 | D        | Bought a clouded brass ring for 45 gold pieces
    15 | D        | Identified the ring "Weni" {+Blink rN+} (You bought it in a
                  | shop in the Dungeon)
    15 | D        | Bought an ancient wooden ring for 45 gold pieces
    15 | D        | Identified the ring "Locera" {Drain rF+ rC+ rCorr Dex+2}
                  | (You bought it in a shop in the Dungeon)
    15 | D        | Bought an ancient brass ring for 45 gold pieces
    15 | D        | Identified the ring of Wexoeqa {rPois Stlth+} (You bought
                  | it in a shop in the Dungeon)
    33 | D        | Reached * piety under Sif Muna
    40 | D        | Found a basalt altar of Yredelemnul.
    46 | D        | Found a sacrificial altar of Ru.
    52 | D        | Found an opulent altar of Gozag.
    53 | D        | Found Haatefo's Premium Goods.
    54 | D        | Found a glowing silver altar of Zin.
    54 | D        | Found a stormy altar of Qazlal.
    54 | D        | Found a shadowy altar of Dithmenos.
    54 | D        | Found Jizat's Weapon Rack.
    54 | D        | Found Xosubb's Miscellaneous Merchandise.
    54 | D        | Found Puuguo's Basic Armour.
    59 | D        | Found a burning altar of Makhleb.
    60 | D        | Found a hide-covered altar of Uskayaw.
    60 | D        | Noticed Terence
    62 | D        | Found Qarokueva's Do-It-Yourself Clinic.
    63 | D        | Found Ollamiph's Bottled Wisdom.
    63 | D        | Found Hiuso Asoa's Distillery.
    63 | D        | Found a snail-covered altar of Cheibriados.
    63 | D        | Found a radiant altar of Vehumet.
    63 | D        | Found Egixt's Distillery.
    67 | D        | Found a blossoming altar of Fedhas.
    73 | D        | Found Jisapn's Staff Store.
    73 | D        | Found Qaus's Must-Have Magic.
    74 | D        | Found Poafeemn's Magic Scroll Shop.
    75 | D        | Found an iron altar of Okawaru.
    75 | D        | Found Hulen's Magic Scroll Shop.
    83 | D        | Noticed an iguana
    94 | D        | Killed an iguana
    94 | D        | Killed Terence
    94 | D        | Reached ** piety under Sif Muna
    94 | D        | Arena points: 14 (+14) [x2]
    95 | D        | Reached skill level 5 in Fire Magic
    95 | D        | Reached XP level 2. HP: 7/17 MP: 4/6
    95 | D        | Reached XP level 3. HP: 9/21 MP: 5/8
   150 | D        | Round 2.
   167 | D        | Reached XP level 4. HP: 13/27 MP: 7/9
   211 | D        | Reached *** piety under Sif Muna
   234 | D        | Arena points: 56 (+42) [x3]
   244 | D        | Bought a coiled lead ring for 45 gold pieces
   244 | D        | Identified the ring of Foc Naar {rElec rN+ Int+6 Dex-3}
                  | (You bought it in a shop in the Dungeon)
   244 | D        | Bought a coiled golden ring for 45 gold pieces
   244 | D        | Identified the ring "Rietzavy" {rC+ rN+ Will+ Dex-3} (You
                  | bought it in a shop in the Dungeon)
   251 | D        | Learned a level 3 spell: Conjure Flame
   255 | D        | Learned a level 3 spell: Inner Flame
   260 | D        | Learned a level 4 spell: Flame Wave
   290 | D        | Round 3.
   352 | D        | Reached **** piety under Sif Muna
   410 | D        | Arena points: 140 (+84) [x4]
   446 | D        | Bought a wavering bone ring for 45 gold pieces
   446 | D        | Identified the ring "Urur" {rElec Dex+6} (You bought it in
                  | a shop in the Dungeon)
   446 | D        | Bought a wavering pewter ring for 45 gold pieces
   446 | D        | Identified the ring of Giumn {Int+5 Slay+4} (You bought it
                  | in a shop in the Dungeon)
   480 | D        | Round 4.
   509 | D        | Reached ***** piety under Sif Muna
   509 | D        | Received a gift from Sif Muna
   510 | D        | Reached skill level 6 in Fire Magic
   510 | D        | Reached XP level 5. HP: 31/31 MP: 10/12
   510 | D        | Got Cadwoil's Volume of Ice and Flight {god gift}
   549 | D        | Noticed a water moccasin
   554 | D        | Killed a water moccasin
   554 | D        | Arena points: 280 (+140) [x5]
   555 | D        | Reached XP level 6. HP: 36/36 MP: 12/15
   559 | D        | Learned a level 2 spell: Scorch
   563 | D        | Learned a level 3 spell: Swiftness
   614 | D        | Round 5.
   625 | D        | Noticed a will-o-the-wisp
   626 | D        | Noticed a witch
   639 | D        | Noticed a four-headed hydra
   639 | D        | Killed a witch
   639 | D        | Arena points: 525 (+245) [x7]
   640 | D        | Reached skill level 1 in Short Blades
   640 | D        | Reached skill level 8 in Fire Magic
   640 | D        | Reached XP level 7. HP: 41/41 MP: 10/19
   640 | D        | Got a decaying rune of Zot
   648 | D        | Learned a level 5 spell: Lightning Bolt
   708 | D        | Bought a blackened hat for 315 gold pieces
   708 | D        | Identified the +2 hat "Igud" {Rampage Will- Regen+} (You
                  | bought it in a shop in the Dungeon)
   729 | D        | Bought a slimy bronze ring for 45 gold pieces
   729 | D        | Identified the ring "Udwag" {*Slow rC+ rN+ SInv} (You
                  | bought it in a shop in the Dungeon)
   772 | D        | Bought 3 potions of heal wounds for 105 gold pieces
   842 | D        | Round 6.
   843 | D        | Noticed a naga ritualist
   850 | D        | Noticed a naga mage
   851 | D        | Killed a naga ritualist
   852 | D        | Reached skill level 5 in Stealth
   852 | D        | Reached XP level 8. HP: 23/46 MP: 7/21
   853 | D        | Reached XP level 9. HP: 34/51 MP: 7/22
   857 | D        | Killed a naga mage
   858 | D        | Reached skill level 10 in Spellcasting
   858 | D        | Reached skill level 1 in Hexes
   858 | D        | Reached skill level 9 in Fire Magic
   858 | D        | Reached skill level 5 in Air Magic
   867 | D        | Noticed a shock serpent
   872 | D        | Killed a shock serpent
   873 | D        | Reached XP level 10. HP: 22/56 MP: 4/25
   878 | D        | Noticed a naga warrior
   887 | D        | Killed a naga warrior
   887 | D        | Received a gift from Sif Muna
   895 | D        | Learned a level 5 spell: Fireball
   905 | D        | Learned a level 8 spell: Ignition
   928 | D        | Noticed a salamander
   933 | D        | Killed a salamander
   934 | D        | Reached skill level 10 in Fire Magic
   934 | D        | Noticed an anaconda
   937 | D        | Noticed a black mamba
   938 | D        | Killed an anaconda
   939 | D        | Reached skill level 11 in Fire Magic
   940 | D        | HP: 1/56 [black mamba (17)]
   941 | D        | Killed a black mamba
   967 | D        | Arena points: 957 (+432) [x8]
   985 | D        | Bought a book of Spatial Translocations for 182 gold pieces
   989 | D        | Learned a level 2 spell: Blink
   992 | D        | Round 7.
  1004 | D        | Noticed a swamp dragon
  1008 | D        | Killed a swamp dragon
  1008 | D        | Received a gift from Sif Muna
  1009 | D        | Reached skill level 12 in Fire Magic
  1019 | D        | Reached XP level 11. HP: 52/61 MP: 5/28
  1023 | D        | Reached skill level 13 in Fire Magic
  1023 | D        | Arena points: 1524 (+567) [x9]
  1073 | D        | Round 8.
  1234 | D        | Received a gift from Sif Muna
  1234 | D        | Arena points: 2244 (+720) [x10]
  1235 | D        | Got Sif Muna's Tome of Mutagenic Curses {god gift}
  1259 | D        | Round 9.
  1265 | D        | Noticed a sun demon
  1308 | D        | Noticed a sun demon
  1316 | D        | Killed a sun demon
  1317 | D        | Reached skill level 10 in Conjurations
  1332 | D        | Killed a sun demon
  1336 | D        | Received a gift from Sif Muna
  1337 | D        | Got Sif Muna's Spellcraft, Part Five {god gift}
  1347 | D        | Learned a level 7 spell: Ozocubu's Refrigeration
  1412 | D        | Arena points: 3234 (+990) [x11]
  1425 | D        | Bought 5 potions of haste for 350 gold pieces
  1432 | D        | Bought 3 potions of experience for 900 gold pieces
  1433 | D        | Reached XP level 12. HP: 66/66 MP: 24/30
  1434 | D        | Reached XP level 13. HP: 71/71 MP: 24/31
  1435 | D        | Reached skill level 14 in Fire Magic
  1435 | D        | Reached XP level 14. HP: 76/76 MP: 25/32
  1447 | D        | Round 10.
  1506 | D        | Identified the ring "Zyraizat" {Ice rPois Will++ Str-3
                  | Dex+3} (You found it in the Dungeon)
  1506 | D        | Arena points: 4404 (+1170) [x13]
  1507 | D        | Got a gossamer rune of Zot
  1508 | D        | Reached skill level 15 in Spellcasting
  1508 | D        | Reached XP level 15. HP: 67/81 MP: 9/34
  1518 | D        | Bought a book of Annihilations for 420 gold pieces
  1722 | D        | Round 11.
  1762 | D        | Reached skill level 15 in Fire Magic
  1771 | D        | Received a gift from Sif Muna
  1772 | D        | Reached skill level 10 in Invocations
  1772 | D        | Got Sif Muna's Advanced Witchery {god gift}
  1843 | D        | Reached skill level 16 in Fire Magic
  1848 | D        | Arena points: 6098 (+1694) [x14]
  1873 | D        | Bought 2 potions of experience for 600 gold pieces
  1874 | D        | Reached XP level 16. HP: 87/87 MP: 18/36
  1875 | D        | Reached XP level 17. HP: 91/91 MP: 18/37
  1884 | D        | Round 12.
  1912 | D        | Reached skill level 5 in Shields
  1935 | D        | Received a gift from Sif Muna
  1937 | D        | Reached skill level 5 in Translocations
  1937 | D        | Reached skill level 17 in Fire Magic
  1964 | D        | Gained mutation: Your magical capacity is low. (-10% MP) [a
                  | shining eye]
  1969 | D        | Gained mutation: Your body sometimes deteriorates upon
                  | taking damage. [a shining eye]
  1973 | D        | Gained mutation: You are weak. (Str -2) [a shining eye]
  1974 | D        | Gained mutation: You are clumsy. (Dex -2) [a shining eye]
  1975 | D        | Received a gift from Sif Muna
  1976 | D        | Got Huixor's Incunabulum of Harmful Curses {god gift}
  1985 | D        | Learned a level 7 spell: Spellforged Servitor
  1986 | D        | Arena points: 8258 (+2160) [x15]
  1999 | D        | Bought 2 potions of mutation for 112 gold pieces
  1999 | D        | Lost mutation: You are clumsy. (Dex -2) [potion of
                  | mutation]
  1999 | D        | Lost mutation: Your magical capacity is low. (-10% MP)
                  | [potion of mutation]
  1999 | D        | Gained mutation: You have a pair of small antennae on your
                  | head. [potion of mutation]
  1999 | D        | Gained mutation: Your system is resistant to poisons.
                  | (rPois) [potion of mutation]
  2000 | D        | Lost mutation: Your body sometimes deteriorates upon taking
                  | damage. [potion of mutation]
  2000 | D        | Lost mutation: Your system is resistant to poisons. (rPois)
                  | [potion of mutation]
  2000 | D        | Gained mutation: Your skin blends seamlessly with your
                  | surroundings (Stealth++). [potion of mutation]
  2000 | D        | Lost mutation: You have a pair of small antennae on your
                  | head. [potion of mutation]
  2024 | D        | Bought an ichor-stained buckler for 332 gold pieces
  2024 | D        | Identified the +0 buckler "Rebbe" {rPois rCorr Dex-5} (You
                  | bought it in a shop in the Dungeon)
  2029 | D        | Round 13.
  2032 | D        | Bought a fine copper ring for 45 gold pieces
  2032 | D        | Identified the ring of Igikeiwn {rElec rPois} (You bought
                  | it in a shop in the Dungeon)
  2032 | D        | Bought a translucent pewter ring for 45 gold pieces
  2032 | D        | Identified the ring of Qoer {rPois rC- Int+6 Dex+4} (You
                  | bought it in a shop in the Dungeon)
  2032 | D        | Bought a heavily runed marble ring for 45 gold pieces
  2032 | D        | Identified the ring "Ijuhiesch" {+Blink Will+} (You bought
                  | it in a shop in the Dungeon)
  2032 | D        | Bought a wavering ruby amulet for 45 gold pieces
  2032 | D        | Identified the amulet of Grace {Acrobat rPois rF- SInv
                  | Stlth+} (You bought it in a shop in the Dungeon)
  2032 | D        | Bought a clouded lapis lazuli ring for 45 gold pieces
  2032 | D        | Identified the ring of Rosueczu {Fire Str+3} (You bought it
                  | in a shop in the Dungeon)
  2032 | D        | Bought a wavering lead amulet for 45 gold pieces
  2032 | D        | Identified the amulet of the Castellan {RegenMP rElec rC-
                  | Will+ Str+2} (You bought it in a shop in the Dungeon)
  2164 | D        | Reached skill level 5 in Summonings
  2164 | D        | Reached skill level 18 in Fire Magic
  2172 | D        | Reached skill level 1 in Fighting
  2172 | D        | Reached skill level 5 in Hexes
  2189 | D        | Received a gift from Sif Muna
  2189 | D        | Arena points: 10338 (+2080) [x16]
  2190 | D        | Got Tuigu's Papyrus of Earthen Combat Magic {god gift}
  2196 | D        | Learned a level 4 spell: Hailstorm
  2216 | D        | Bought a transparent buckler for 332 gold pieces
  2216 | D        | Identified the +2 buckler "Wamm" {Dex+6} (You bought it in
                  | a shop in the Dungeon)
  2228 | D        | Round 14.
  2311 | D        | Arena points: 12956 (+2618) [x17]
  2325 | D        | Bought a twisted tower shield for 332 gold pieces
  2325 | D        | Identified the +0 tower shield of Defence {Fly MP+9 Dex+3
                  | Stlth-} (You bought it in a shop in the Dungeon)
  2325 | D        | Bought a faintly glowing kite shield for 332 gold pieces
  2325 | D        | Identified the +2 kite shield of Gallantry {Fly rC- Regen+
                  | rCorr} (You bought it in a shop in the Dungeon)
  2371 | D        | Round 15.
  2392 | D        | Reached skill level 19 in Fire Magic
  2392 | D        | Noticed Fannar
  2405 | D        | Killed Fannar
  2405 | D        | Received a gift from Sif Muna
  2405 | D        | Arena points: 16091 (+3135) [x19]
  2406 | D        | Reached XP level 18. HP: 80/99 MP: 12/40
  2424 | D        | Got an elven rune of Zot
  2424 | D        | Got Sif Muna's Compendium of Feathery Beguiling {god gift}
  2435 | D        | Learned a level 6 spell: Iron Shot
  2516 | D        | Bought a staff of fire for 750 gold pieces
  2564 | D        | Bought a scroll of holy word for 150 gold pieces
  2619 | D        | Round 16.
  2628 | D        | Noticed a quicksilver dragon
  2630 | D        | Killed a quicksilver dragon
  2719 | D        | Received a gift from Sif Muna
  2751 | D        | Reached skill level 1 in Earth Magic
  2778 | D        | Arena points: 16299 (+208) [x1]
  2793 | D        | Round 17.
  2821 | D        | Bought a glittering zirconium amulet for 45 gold pieces
  2821 | D        | Identified the amulet of the Cast Vote {rElec Regen+ Str+6
                  | SInv} (You bought it in a shop in the Dungeon)
  2821 | D        | Bought a crude tin amulet for 45 gold pieces
  2821 | D        | Identified the amulet "Raustreota" {RegenMP Rampage rN+++
                  | Int-4 Dex-2} (You bought it in a shop in the Dungeon)
  2827 | D        | Upgraded the game from 0.29-a0-304-gb34f9e133a to
                  | 0.29-a0-307-gecccbbdb84
  2845 | D        | Reached skill level 20 in Fire Magic
  2845 | D        | Received a gift from Sif Muna
  2846 | D        | Got Heqe's Grimoire of Moulding and Enchantment {god gift}
  2873 | D        | Gained mutation: You are agile. (Dex +2) [a neqoxec]
  2902 | D        | Gained mutation: You are very weak. (Str -4) [a neqoxec]
  2907 | D        | Arena points: 16775 (+476) [x2]
  2917 | D        | Bought 6 potions of magic for 336 gold pieces
  2924 | D        | Bought 3 potions of heal wounds for 105 gold pieces
  2931 | D        | Round 18.
  2961 | D        | Received a gift from Sif Muna
  2962 | D        | Got Sif Muna's Catalogue of Combat Magic and Creation {god
                  | gift}
  3000 | D        | Reached ****** piety under Sif Muna
  3007 | D        | Received a gift from Sif Muna
  3008 | D        | Got Mosimosu's Guide on Air and Calling {god gift}
  3089 | D        | Reached skill level 21 in Fire Magic
  3092 | D        | Arena points: 17693 (+918) [x3]
  3119 | D        | Round 19.
  3143 | D        | Bought a potion of experience for 300 gold pieces
  3143 | D        | Bought a potion of experience for 300 gold pieces
  3143 | D        | Reached skill level 5 in Earth Magic
  3143 | D        | Reached XP level 19. HP: 101/103 MP: 6/43
  3144 | D        | Reached XP level 20. HP: 107/108 MP: 7/44
  3145 | D        | Reached XP level 21. HP: 113/113 MP: 7/45
  3171 | D        | Received a gift from Sif Muna
  3172 | D        | Got Sif Muna's Collected Works on Captivating Heat {god
                  | gift}
  3275 | D        | Reached skill level 15 in Conjurations
  3284 | D        | Arena points: 17978 (+285) [x1]
  3299 | D        | Round 20.
  3300 | D        | Noticed Mennas
  3349 | D        | Slain by Mennas

Illustrated notes

Levels and vault maps discovered:
D:        arena_sprint

Skill      XL: |  1  2  3  4  5  6  7  8  9 10 11 12 13 14 15 16 17 18 19 20 21 |
---------------+----------------------------------------------------------------+-----
Stealth        | 3 4 5 6 |  6.0
Spellcasting   | 3 4 6 8 9 11 13 14 15 16 18 20 | 20.5
Conjurations   | 2 3 4 7 8 9 10 11 12 14 15 | 15.0
Fire Magic     | 5 6 8 9 12 13 14 16 19 21 | 21.4
Invocations    | 2 3 4 6 7 8 9 10 13 14 | 14.1
Evocations     | 2 4 6 |  6.2
Dodging        | 3 4 |  4.1
Short Blades   | 1 2 |  2.3
Air Magic      | 2 4 5 6 |  6.1
Summonings     | 3 7 9 |  9.5
Translocations | 3 4 5 |  5.7
Hexes          | 1 3 4 5 7 |  7.2
Ice Magic      | 4 7 9 |  9.0
Shields        | 4 7 |  7.3
Fighting       | 1 |  1.3
Earth Magic    | 5 6 |  6.2

Action                   |  1- 3 |  4- 6 |  7- 9 | 10-12 | 13-15 | 16-18 | 19-21 || total
-------------------------+-------+-------+-------+-------+-------+-------+-------++-------
Melee: Short sword       |       |     1 |       |       |       |       |       ||     1
       Staff             |       |       |       |       |       |     9 |       ||     9
       Tentacles         |       |       |       |       |       |     3 |       ||     3
       Punch             |       |       |       |       |       |     1 |       ||     1
 Cast: Foxfire           |    12 |    36 |     4 |    27 |    12 |    76 |    21 ||   188
       Inner Flame       |       |     2 |     4 |     5 |     9 |    34 |     3 ||    57
       Scorch            |       |       |     8 |     6 |    11 |    11 |       ||    36
       Fireball          |       |       |       |     8 |     8 |    54 |       ||    70
       Lightning Bolt    |       |       |       |    24 |       |       |       ||    24
       Blink             |       |       |       |     9 |     1 |     8 |     2 ||    20
       Flame Wave        |       |       |       |       |     2 |       |       ||     2
       Ignition          |       |       |       |       |     3 |     5 |       ||     8
       Fire Storm        |       |       |       |       |     1 |     1 |       ||     2
       Spellforged Servi |       |       |       |       |       |    11 |     4 ||    15
       Ozocubu's Refrige |       |       |       |       |       |     2 |       ||     2
       Iron Shot         |       |       |       |       |       |    11 |     1 ||    12
       Hailstorm         |       |       |       |       |       |     8 |       ||     8
       Dragon's Call     |       |       |       |       |       |     1 |     1 ||     2
Invok: Channel Magic     |       |       |       |     3 |       |     8 |     1 ||    12
       Forget Spell      |       |       |       |     2 |       |       |       ||     2
       Divine Exegesis   |       |       |       |       |     1 |     4 |     1 ||     6
Evoke: Wand              |     2 |     1 |     1 |       |       |     1 |     4 ||     9
  Use: Potion            |       |       |     2 |     4 |     3 |     4 |    13 ||    26
 Stab: Distracted        |       |       |       |       |       |     1 |       ||     1
Armor: Skin              |       |       |       |     3 |       |     3 |       ||     6
Dodge: Dodged            |     4 |     1 |     1 |    18 |     4 |     8 |     7 ||    43
Block: Buckler           |       |       |       |       |       |     2 |     8 ||    10

Table legend: (Time is in decaauts)
 A = Elapsed time spent in this place.
 B = Non-inter-level travel time spent in this place.
 C = Inter-level travel time spent in this place.
 D = Time resting spent in this place.
 E = Time spent auto-exploring this place.
 F = Levels seen in this place.
 G = Mean time per level.
                   A        B        C        D        E       F      G
               +--------+--------+--------+--------+--------+-----+--------+
         Total |   3326 |   3310 |     16 |    227 |     35 |   1 | 3326.0 |
       Dungeon |   3326 |   3310 |     16 |    227 |     35 |   1 | 3326.0 |
               +--------+--------+--------+--------+--------+-----+--------+

Top non-repeatable levels by time:
       D: 3326 daAuts
